 Dungeon Crawl Stone Soup version 0.31-a0-803-g95b03c3367 (webtiles) character file.

Game seed: 3442406313743667741

63 KimchiStew the Chiller (level 4, -3/31 HPs)
             Began as a Merfolk Ice Elementalist on Sept 20, 2023.
             Slain by Ijyb the fire bat (5 damage)
             ... on level 3 of the Dungeon.
             The game lasted 00:05:57 (2222 turns).

KimchiStew the Chiller (Merfolk Ice Elementalist)   Turns: 2222, Time: 00:05:58

Health: -3/31      AC:  2    Str:  8    XL:     4   Next: 9%
Magic:  6/7        EV: 12    Int: 14    God:
Gold:   163        SH:  4    Dex: 16    Spells: 1/8 levels left

rFire   . . .        j - +0 dagger (flame)
rCold   . . .        g - +0 buckler
rNeg    . . .        a - +0 robe
rPois   .            (no helmet)
rElec   .            (no cloak)
rCorr   .            (no gloves)
SInv    .            (no boots)
Will    .....        (no amulet)
Stlth   ++           (no ring)
HPRegen 0.25/turn    (no ring)
MPRegen 0.10/turn

%: no passive effects
@: very slightly contaminated
A: (nimble swimmer 2), mertail
a: no special abilities


You were on level 3 of the Dungeon.
You visited 1 branch of the dungeon, and saw 3 of its levels.

You collected 163 gold pieces.

Inventory:

Hand Weapons
 d - a +6 double sword of flaming
 j - a +0 dagger of flaming (weapon)
Armour
 a - a +0 robe (worn)
 g - a +0 buckler (worn)
Scrolls
 f - 2 scrolls of brand weapon
 l - a scroll of poison
 m - a scroll of revelation
Potions
 c - 2 potions of curing {unknown}
 e - a potion of berserk rage {unknown}
 h - a potion of enlightenment {unknown}
 i - a potion of lignification {unknown}
 k - a potion of degeneration {unknown}


   Skills:
 + Level 0.6 Fighting
 * Level 0.4 Long Blades
 - Level 3.0 Dodging
 - Level 3.0 Stealth
 + Level 1.0 Shields
 + Level 2.5 Spellcasting
 + Level 4.9 Ice Magic


You had one spell level left.
You knew the following spells:

 Your Spells              Type           Power      Damage    Failure   Level
a - Freeze                Ice            60%        1d7       4%          1
b - Frozen Ramparts       Ice            30%        1d5       14%         3
c - Ozocubu's Armour      Ice            15%        N/A       14%         3

Your spell library contained the following spells:

 Spells                   Type           Power      Damage    Failure   Level
 Magic Dart               Conj           4%         1d3       36%         1
 Call Imp                 Summ           2%         N/A       50%         2
 Mephitic Cloud           Conj/Pois/Air  1%         N/A       73%         3
 Summon Ice Beast         Ice/Summ       8%         N/A       78%         4


Dungeon Overview and Level Annotations

Branches:
Dungeon (3/15)

Altars:
Makhleb
Nemelex Xobeh
Qazlal

Shops:
D:2 =

Annotations:
D:3 Ijyb


Innate Abilities, Weirdness & Mutations

((You are very nimble when in or above water. (Stealth+, EV+, Speed+++)))
Your lower body shifts to a powerful aquatic tail in water.


Message History

Casting: Frozen Ramparts (quite dangerous; 14% risk of failure)
Confirm with . or Enter, or press ? or * to list all spells.
The spell is quite dangerous to miscast (14% risk of failure)!
Continue anyway? [Y]es or [N]o only, please.
The spell is quite dangerous to miscast (14% risk of failure)!
Continue anyway?
Okay, then.
Unknown command.
Casting: Ozocubu's Armour (quite dangerous; 14% risk of failure)
Confirm with . or Enter, or press ? or * to list all spells.
The spell is quite dangerous to miscast (14% risk of failure)!
Continue anyway? [Y]es or [N]o only, please.
The spell is quite dangerous to miscast (14% risk of failure)!
Continue anyway?
Casting: Frozen Ramparts (quite dangerous; 14% risk of failure)
Press: ? - help, Dir - look around, f - activate You miscast Frozen Ramparts.
You are very lightly contaminated with residual magic.
Your hands feel numb with cold!
Ijyb bites you.
You are engulfed in flames!
You take 19 damage, and have 12/31 hp.
Casting: Frozen Ramparts (quite dangerous; 14% risk of failure)
Confirm with . or Enter, or press ? or * to list all spells.
The spell is quite dangerous to miscast (14% risk of failure)!
Continue anyway?
Casting: Frozen Ramparts (quite dangerous; 14% risk of failure)
Press: ? - help, Dir - look around, f - activate You miscast Frozen Ramparts.
Nothing appears to happen.
Ijyb bites you but does no damage.
Unknown command.
Magic courses through your body. Ijyb bites you.
You are engulfed in flames.
* * * LOW HITPOINT WARNING * * *
You take 6 damage, and have 6/31 hp.
Casting: Frozen Ramparts (quite dangerous; 14% risk of failure)
Confirm with . or Enter, or press ? or * to list all spells.
Aiming: Freeze (safe; 4% risk of failure)
Press: ? - help, Shift-Dir - straight line, f - Ijyb
Aim: Ijyb the fire bat You freeze Ijyb!
Ijyb is frozen!
Ijyb is heavily wounded.
Ijyb bites you.
* * * LOW HITPOINT WARNING * * *
You are engulfed in flames.
You die...

*,,,,,,.......<...#.#.# #.......
*,,,,,,...#..#....#.#.#####)##..
*,,,,,..⌠.⌠.............###[##..
****,,..._...................#..
*,,..⌠.⌠..................+..
*,,,#>...#................##.
***.##....................##.
*.........##............###
***#........@b...............
*,,,...#...####....##.......#
*,,.......=..##.............#
*,,..........[..............#
***,,..........#...............
*,,,...........#.....##........
*,,,........?..#.....###...#...
*,...........#'#......#........
*..................##......##..


You could see Ijyb the fire bat.

Vanquished Creatures
  An adder (D:2)
  A dart slug (D:1)
  An orc (D:3)
  5 bats
  5 endoplasms
  3 giant cockroaches
  4 goblins
  6 hobgoblins
  5 kobolds
  2 quokkas (D:2)
  4 ball pythons
  3 frilled lizards
  4 rats (D:1)
44 creatures vanquished.

Notes
Turn   | Place    | Note
-------+----------+-------------------------------------------
     0 | D:1      | KimchiStew the Merfolk Ice Elementalist began the quest for
                  | the Orb.
     0 | D:1      | Reached XP level 1. HP: 13/13 MP: 3/3
   307 | D:1      | Reached XP level 2. HP: 19/19 MP: 3/5
   916 | D:2      | Reached XP level 3. HP: 24/24 MP: 3/6
   920 | D:2      | Learned a level 3 spell: Frozen Ramparts
  1231 | D:2      | Found a faded altar of an unknown god.
  1586 | D:2      | Found Ucucvent's Jewellery Boutique.
  1740 | D:3      | Noticed Ijyb
  1823 | D:3      | Found a stormy altar of Qazlal.
  1903 | D:3      | Identified a scroll of acquirement
  1906 | D:3      | Acquired a +6 double sword of flaming
  1920 | D:3      | Learned a level 3 spell: Ozocubu's Armour
  1947 | D:3      | Reached skill level 1 in Shields
  1947 | D:3      | Reached XP level 4. HP: 31/31 MP: 3/7
  2004 | D:3      | Found a burning altar of Makhleb.
  2086 | D:3      | Ijyb changed into Ijyb the boggart
  2086 | D:3      | Noticed Ijyb
  2093 | D:3      | Ijyb the boggart changed into Ijyb the killer bee
  2093 | D:3      | Noticed Ijyb
  2094 | D:3      | Ijyb the killer bee changed into Ijyb the steam dragon
  2094 | D:3      | Noticed Ijyb
  2097 | D:3      | Ijyb the steam dragon changed into Ijyb the tengu
  2097 | D:3      | Noticed Ijyb
  2098 | D:3      | Ijyb the tengu changed into Ijyb the sky beast
  2098 | D:3      | Noticed Ijyb
  2102 | D:3      | HP: 1/31 [endoplasm[Ijyb the boggart] (2)]
  2168 | D:3      | Found a sparkling altar of Nemelex Xobeh.
  2218 | D:3      | Ijyb the sky beast changed into Ijyb the fire bat
  2218 | D:3      | Noticed Ijyb
  2222 | D:3      | Slain by Ijyb the fire bat

Illustrated notes

Levels and vault maps discovered:
D:1:      minmay_arrival_loop, layout_rooms, minivault_24,
          minmay_misc_feat_encased
D:2:      layout_rooms, serial_shops, shop,
          shapermc_ecumenical_altar_mp_urbaneastern
D:3:      minmay_thinvault, layout_basic, lemuel_tele_altar,
          mainiacjoe_overflow_alcove_1, nemelex_xobeh_ov_fountains_minmay,
          uniq_ijyb

Skill      XL: |  1  2  3 |
---------------+----------+-----
Dodging        | 3 |  3.0
Stealth        | 3 |  3.0
Shields        | 1 |  1.0
Fighting       | |  0.6
Long Blades    | |  0.4
Spellcasting   | |  2.5
Ice Magic      | |  4.9

Action                     |  1- 3 |  4- 6 || total
---------------------------+-------+-------++-------
  Melee: Unarmed           |     1 |       ||     1
         Dagger            |    20 |     1 ||    21
   Cast: Freeze            |    51 |     7 ||    58
         Frozen Ramparts   |       |     1 ||     1
  Evoke: Wand              |       |    14 ||    14
    Use: Scroll            |     5 |     1 ||     6
         Potion            |       |     4 ||     4
   Stab: Sleeping          |     1 |     1 ||     2
 Armour: Robe              |    22 |    18 ||    40
  Dodge: Dodged            |    40 |    12 ||    52
  Block: Buckler           |     6 |     5 ||    11

Table legend: (Time is in decaauts)
 A = Elapsed time spent in this place.
 B = Non-inter-level travel time spent in this place.
 C = Inter-level travel time spent in this place.
 D = Time resting spent in this place.
 E = Time spent auto-exploring this place.
 F = Levels seen in this place.
 G = Mean time per level.
                   A        B        C        D        E       F      G
               +--------+--------+--------+--------+--------+-----+--------+
         Total |   2217 |   2061 |    156 |    370 |   1068 |   3 |  739.0 |
       Dungeon |   2217 |   2061 |    156 |    370 |   1068 |   3 |  739.0 |
               +--------+--------+--------+--------+--------+-----+--------+

Top non-repeatable levels by time:
     D:2: 1005 daAuts
     D:1: 837 daAuts
     D:3: 374 daAuts
